[Event "Titled Tuesday Blitz October 5 2021"]
[White "Pichot, Alan"]
[Black "Jain, Naveen"]
[WhiteFideId "110973"]
[BlackFideId "5003970"]
[WhiteElo "2600"]
[BlackElo "2036"]
[Result "1-0"]
[Round "03"]
[TimeControl "180+1"]
[Date "2021.10.05"]
[WhiteClock "0:00:03"]
[BlackClock "0:00:05"]

1. d4 Nf6 2. c4 c5 3. d5 b5 4. cxb5 a6 5. b6 d6 6. Nc3 Nbd7 7. Nf3 g6 8. e4 Bg7 9. Bd3 O-O 10. O-O Ng4 11. Re1 Nge5 12. Nxe5 Nxe5 13. Bf1 Qxb6 14. Rb1 Rb8 15. Bg5 Re8 16. Qd2 Bd7 17. Bh6 Bb5 18. Bxg7 Kxg7 19. f4 Nd7 20. Kh1 Bxf1 21. Rxf1 Qb4 22. Qe2 c4 23. e5 Nc5 24. f5 dxe5 25. Qxe5+ Kg8 26. fxg6 hxg6 27. Rf3 Nd3 28. Qd4 Qb6 29. Qh4 Kg7 30. Rbf1 f6 31. b3 Ne5 32. Rg3 Rh8 33. Qf4 cxb3 34. axb3 Qxb3 35. Ne4 Qc4 36. h3 Rb4 37. Re1 Qd4 38. Qc1 Kf8 39. Qc8+ Kg7 40. Qe6 Kf8 41. d6 Kg7 42. Qxe7+ Kh6 43. Qxf6 Rh7 44. Qg5+ Kg7 45. Qf6+ Kh6 46. Ng5 Qf4 47. Qxf4 Kg7 48. Qxe5+ 1-0


[Site "https://www.chess.com"]

[Event "Titled Tuesday Blitz October 5 2021"]
[White "Piesik, Piotr"]
[Black "Hirneise, Jens"]
[WhiteFideId "1136194"]
[BlackFideId "24614734"]
[WhiteElo "2336"]
[BlackElo "2323"]
[Result "1-0"]
[Round "03"]
[TimeControl "180+1"]
[Date "2021.10.05"]
[WhiteClock "0:01:44"]
[BlackClock "0:00:30"]

1. Nf3 b6 2. g3 Bb7 3. Bg2 f5 4. O-O Nf6 5. d3 e6 6. e4 fxe4 7. Ng5 Be7 8. Nxe4 Nxe4 9. dxe4 O-O 10. Nc3 Na6 11. Be3 Nc5 12. f4 d6 13. b4 Na6 14. a3 c5 15. Rb1 cxb4 16. axb4 d5 17. exd5 Bxb4 18. Na2 Bc5 19. Bxc5 Nxc5 20. Nc3 exd5 21. Nxd5 Kh8 22. Re1 Qd6 23. c4 Rae8 24. Qh5 g6 25. Qf3 Kg8 26. Qc3 Nd7 27. Rbd1 Rxe1+ 28. Rxe1 Qc5+ 29. Kh1 1-0


[Site "https://www.chess.com"]

[Event "Titled Tuesday Blitz October 5 2021"]
[White "Pridorozhni, Aleksei"]
[Black "Jaracz, Pawel"]
[WhiteFideId "4127870"]
[BlackFideId "1102222"]
[WhiteElo "2565"]
[BlackElo "2495"]
[Result "1-0"]
[Round "03"]
[TimeControl "180+1"]
[Date "2021.10.05"]
[WhiteClock "0:01:37"]
[BlackClock "0:01:01"]

1. e4 c6 2. Nc3 d5 3. Qe2 Na6 4. d3 g6 5. g3 Bg7 6. Bg2 dxe4 7. Nxe4 Nf6 8. Nxf6+ Bxf6 9. c3 O-O 10. Nf3 e5 11. O-O Nc5 12. Bh6 Re8 13. Rad1 Bf5 14. Ne1 Qd7 15. Be3 Ne6 16. Be4 Bh3 17. Bg2 Nd4 18. cxd4 exd4 19. Bxh3 Qxh3 20. Ng2 Rad8 21. Qf3 dxe3 22. fxe3 Rd6 23. d4 Qe6 24. a3 Qe4 25. Rd2 Re7 26. Qxe4 Rxe4 27. Rdf2 Kg7 28. b4 Re7 29. h4 Rd5 30. Rxf6 1-0


[Site "https://www.chess.com"]

[Event "Titled Tuesday Blitz October 5 2021"]
[White "Przybylski, Wojciech"]
[Black "Goltsev, Dmitry"]
[WhiteFideId "1117599"]
[BlackFideId "24176710"]
[WhiteElo "2247"]
[BlackElo "2334"]
[Result "0-1"]
[Round "03"]
[TimeControl "180+1"]
[Date "2021.10.05"]
[WhiteClock "0:00:01"]
[BlackClock "0:00:38"]

1. e4 e6 2. Nc3 d5 3. d4 Nf6 4. Bd3 dxe4 5. Nxe4 Nc6 6. Ne2 Be7 7. O-O O-O 8. c3 e5 9. Nxf6+ Bxf6 10. d5 Ne7 11. c4 c6 12. Nc3 g6 13. Ne4 Bg7 14. d6 Nf5 15. c5 Nd4 16. Be3 f5 17. Bxd4 fxe4 18. Bc4+ Kh8 19. Be3 Bf5 20. Qb3 b5 21. Be2 Qd7 22. Rfd1 a5 23. Rac1 a4 24. Qb4 h5 25. Bg5 Kh7 26. Be7 Rf7 27. b3 axb3 28. Qxb3 Be6 29. Qb1 Rxa2 30. Qxe4 Bf5 31. Qf3 e4 32. Qb3 Be6 33. Qe3 Bh6 34. Qxe4 Bxc1 35. Rxc1 Bd5 36. Qe3 Qf5 37. f3 b4 38. Bd3 Qe6 39. Qg5 b3 40. d7 b2 41. Rb1 Ra8 42. d8=Q Rxd8 43. Bxd8 Ba2 44. Qxg6+ Qxg6 45. Bxg6+ Kxg6 46. Rxb2 Bc4 47. h4 Rd7 48. Bg5 Rd5 49. Be3 Rd3 50. Bf2 Bb5 51. Ra2 Rd1+ 52. Kh2 Kf5 53. Ra7 Rd2 54. Rf7+ Ke6 55. Be3 Re2 56. Rf8 Ke7 57. Bh6 Rc2 58. Rh8 Bf1 59. Rg8 Kf7 60. Rg7+ Kf6 61. Rg5 Be2 62. Bg7+ Kf7 63. Kg3 Bf1 64. Kh2 Rc4 65. Kg1 Bd3 66. Be5 Bg6 67. Bd6 Rxh4 68. Re5 Rc4 69. Re7+ Kf6 70. Rc7 Be8 71. Rc8 Bd7 72. Rd8 Be6 73. Rh8 Bf7 74. Kh2 Rc2 75. Bf4 Kf5 76. Kg3 Kg6 77. Rc8 Bd5 78. Bd6 h4+ 79. Kh3 Be6+ 80. Kxh4 Bxc8 0-1


[Site "https://www.chess.com"]

[Event "Titled Tuesday Blitz October 5 2021"]
[White "Quintiliano Pinto, Renato R."]
[Black "Girinath, P.D.S."]
[WhiteFideId "2117568"]
[BlackFideId "5000572"]
[WhiteElo "2439"]
[BlackElo "2333"]
[Result "0-1"]
[Round "03"]
[TimeControl "180+1"]
[Date "2021.10.05"]
[WhiteClock "0:01:02"]
[BlackClock "0:01:18"]

1. e4 e6 2. d4 d5 3. Nd2 c5 4. exd5 exd5 5. Ngf3 Nc6 6. Bb5 Bd6 7. dxc5 Bxc5 8. O-O Nf6 9. Re1+ Be6 10. Nb3 Bb6 11. Nbd4 O-O 12. Bxc6 bxc6 13. Rxe6 fxe6 14. Nxe6 Qd6 15. Nxf8 Ng4 16. Be3 Nxe3 17. fxe3 Bxe3+ 18. Kh1 Rxf8 19. Qd3 Bb6 20. Re1 Qb4 21. Qb3 Qxe1+ 22. Nxe1 Rf1# 0-1


[Site "https://www.chess.com"]

[Event "Titled Tuesday Blitz October 5 2021"]
[White "Rasulov, Vugar"]
[Black "Devaev, Alexander"]
[WhiteFideId "13402390"]
[BlackFideId "4169395"]
[WhiteElo "2560"]
[BlackElo "2185"]
[Result "1-0"]
[Round "03"]
[TimeControl "180+1"]
[Date "2021.10.05"]
[WhiteClock "0:01:50"]
[BlackClock "0:00:02"]

1. d4 Nf6 2. c4 e6 3. Nf3 Bb4+ 4. Nc3 c5 5. g3 cxd4 6. Nxd4 Nc6 7. Bg2 O-O 8. O-O a6 9. Bf4 Bxc3 10. bxc3 d5 11. Rb1 Re8 12. Bg5 Nxd4 13. Qxd4 dxc4 14. Qxc4 b5 15. Qh4 Ra7 16. c4 h6 17. Be3 Rd7 18. cxb5 axb5 19. Bc6 Bb7 20. Bxb5 Bd5 21. Bxd7 Qxd7 22. Bxh6 Ne4 23. Be3 Nc3 24. Rb2 Na4 25. Rc2 Qb5 26. Rfc1 Bb7 27. f3 Nb6 28. Bxb6 Qxb6+ 29. Kf1 Ba6 30. Qe4 Qb5 31. a4 Qa5 32. Kf2 Rd8 33. Rc5 Qb6 34. Qe3 Bb7 35. a5 Qa6 36. Rc7 Rf8 37. Qb6 1-0


[Site "https://www.chess.com"]

[Event "Titled Tuesday Blitz October 5 2021"]
[White "Reprintsev, Alexander"]
[Black "Krivonosov, Oleg"]
[WhiteFideId "14100541"]
[BlackFideId "11600349"]
[WhiteElo "2126"]
[BlackElo "2469"]
[Result "0-1"]
[Round "03"]
[TimeControl "180+1"]
[Date "2021.10.05"]
[WhiteClock "0:00:11"]
[BlackClock "0:00:55"]

1. e4 e5 2. Nf3 Nc6 3. Bc4 Bc5 4. b4 Bb6 5. a4 a6 6. Bb2 d6 7. O-O Nf6 8. d3 O-O 9. a5 Ba7 10. b5 axb5 11. Bxb5 Bd7 12. c4 Bc5 13. Qd2 Bb4 14. Bc3 Bxc3 15. Nxc3 Ne7 16. Rfb1 c6 17. Ba4 Qc7 18. Bd1 Bg4 19. Qb2 Rfb8 20. Qb6 Qxb6 21. Rxb6 Nd7 22. Rb2 Nc5 23. d4 exd4 24. Nxd4 Bxd1 25. Rxd1 Rxa5 26. Nf5 Nxf5 27. exf5 Rd8 28. Rbd2 Kf8 29. Rxd6 Rxd6 30. Rxd6 Ra1+ 31. Rd1 Rxd1+ 32. Nxd1 Ke7 33. f3 Kf6 34. g4 Ke5 35. Kf2 Kd4 36. Ne3 Nd3+ 37. Ke2 Ne5 38. f6 g6 39. h4 Nxc4 40. Nc2+ Ke5 41. Kd3 Nd6 42. g5 Nf5 43. Na3 b5 44. h5 gxh5 45. Nb1 h4 46. Nd2 h3 47. Nf1 Kf4 48. Nh2 Kxg5 49. Ke4 h5 0-1


[Site "https://www.chess.com"]

[Event "Titled Tuesday Blitz October 5 2021"]
[White "Rozhkov, Viacheslav"]
[Black "Sychev, Klementy"]
[WhiteFideId "4181484"]
[BlackFideId "4114060"]
[WhiteElo "2324"]
[BlackElo "2615"]
[Result "1-0"]
[Round "03"]
[TimeControl "180+1"]
[Date "2021.10.05"]
[WhiteClock "0:00:08"]
[BlackClock "0:00:09"]

1. e4 e5 2. Nf3 Nc6 3. d4 exd4 4. Nxd4 Nf6 5. Nc3 d6 6. Bb5 Bd7 7. Bxc6 bxc6 8. Qf3 Be7 9. e5 Nd5 10. Nxd5 cxd5 11. Qxd5 dxe5 12. Nc6 Be6 13. Qxe5 Qd5 14. Qxg7 Qxc6 15. Qxh8+ Kd7 16. Qd4+ Ke8 17. Be3 Rd8 18. Qh8+ Kd7 19. O-O-O Bd6 20. Qd4 Kc8 21. Qxa7 Rg8 22. g3 Rg4 23. f4 Bf5 24. Kb1 Bxc2+ 25. Ka1 Bxd1 26. Rxd1 Rg6 27. Rc1 Qb5 28. Bb6 Bxf4 29. Rxc7+ 1-0


[Site "https://www.chess.com"]

[Event "Titled Tuesday Blitz October 5 2021"]
[White "Sadhwani, Raunak"]
[Black "Sharapov, Evgeny"]
[WhiteFideId "35093487"]
[BlackFideId "14103133"]
[WhiteElo "2517"]
[BlackElo "2367"]
[Result "1-0"]
[Round "03"]
[TimeControl "180+1"]
[Date "2021.10.05"]
[WhiteClock "0:01:01"]
[BlackClock "0:00:13"]

1. d4 d5 2. Nf3 c6 3. Bf4 Qb6 4. Qc1 Bf5 5. e3 Nf6 6. Nbd2 e6 7. h3 h6 8. Be2 Be7 9. O-O O-O 10. c4 Ne4 11. a3 Nxd2 12. Qxd2 Nd7 13. c5 Qd8 14. b4 a6 15. a4 b5 16. Ra3 Qc8 17. Rfa1 Qb7 18. Qa2 bxa4 19. Rxa4 a5 20. bxa5 Nf6 21. a6 Qc8 22. a7 Ne4 23. Ba6 Qd7 24. Ne5 Qxa7 25. Bb5 Qb7 26. Bxc6 Rxa4 27. Bxb7 Rxa2 28. Rxa2 Bxc5 29. dxc5 Nxc5 30. Bc6 Rb8 31. Ra8 Rxa8 32. Bxa8 f6 33. Nf3 Kf7 34. Bc6 Be4 35. Nd2 Bd3 36. Bd6 Ne4 37. Nxe4 Bxe4 38. f3 Bd3 39. Kf2 Bc4 40. h4 h5 41. Bd7 Bd3 42. Bc5 Bc4 43. e4 dxe4 44. fxe4 e5 45. g3 Bd3 46. Ke3 Bc4 47. Ba4 Kg6 48. Be8+ Kh6 49. Bf8 Ba6 50. Bf7 Bb5 51. Kd2 Ba6 52. Kc3 Be2 53. Bc4 Bf3 54. Kd3 Bg4 55. Ke3 Kh7 56. Be2 Bxe2 57. Kxe2 Kg8 58. Bb4 Kf7 59. Kd3 Ke6 60. Bd2 g6 61. Kc4 f5 62. Kd3 Kd6 63. Bg5 Ke6 64. exf5+ gxf5 65. Kc4 Kd6 66. Be3 Kc6 67. Bc5 f4 68. gxf4 exf4 69. Bf2 Kd6 70. Kd4 Ke6 71. Ke4 1-0


[Site "https://www.chess.com"]

[Event "Titled Tuesday Blitz October 5 2021"]
[White "Salimova, Nurgyul"]
[Black "Federzoni, Enzo"]
[WhiteFideId "2915138"]
[BlackFideId "2173301"]
[WhiteElo "2071"]
[BlackElo "1956"]
[Result "1-0"]
[Round "03"]
[TimeControl "180+1"]
[Date "2021.10.05"]
[WhiteClock "0:00:07"]
[BlackClock "0:00:07"]

1. e4 c5 2. Nf3 e6 3. d4 cxd4 4. Nxd4 Nf6 5. Nc3 d6 6. g4 h6 7. Rg1 Nc6 8. Be3 a6 9. Qd2 Nxd4 10. Qxd4 e5 11. Qd1 Be6 12. h4 g6 13. Be2 Rc8 14. g5 hxg5 15. hxg5 Rxc3 16. bxc3 Nxe4 17. Qd3 Qa5 18. Bf3 d5 19. Bxe4 dxe4 20. Qd2 Be7 21. Rb1 O-O 22. Rxb7 Rd8 23. Bb6 Qb5 24. Bxd8 Qxb7 25. Bxe7 Qxe7 26. Qe3 Qb7 27. Kd2 Qd5+ 28. Kc1 Qxa2 29. Re1 Bd5 30. Qc5 a5 31. Kd2 Bb3 32. Rc1 a4 33. Qxe5 Bd5 34. Ke3 Qc4 35. Rh1 Qc5+ 36. Qd4 Qxd4+ 37. Kxd4 a3 38. Kxd5 1-0


[Site "https://www.chess.com"]

[Event "Titled Tuesday Blitz October 5 2021"]
[White "Sarana, Alexey"]
[Black "Ivanisevic, Ivan"]
[WhiteFideId "24133795"]
[BlackFideId "912417"]
[WhiteElo "2671"]
[BlackElo "2499"]
[Result "1-0"]
[Round "03"]
[TimeControl "180+1"]
[Date "2021.10.05"]
[WhiteClock "0:00:29"]
[BlackClock "0:00:06"]

1. e4 c5 2. Nf3 Nc6 3. c3 d5 4. exd5 Qxd5 5. d4 cxd4 6. cxd4 e5 7. Nc3 Bb4 8. Bd2 Bxc3 9. Bxc3 e4 10. Nd2 Nf6 11. Bc4 Qg5 12. Qe2 O-O 13. O-O-O Nd5 14. Qxe4 Nxc3 15. bxc3 Bf5 16. Qf3 Rac8 17. Kb2 b5 18. h4 Qg6 19. h5 Qg5 20. Bd3 Bxd3 21. Qxd3 b4 22. c4 Rfd8 23. Nf3 Qa5 24. d5 b3 25. a3 h6 26. Qc3 Qxc3+ 27. Kxc3 Na5 28. Rd4 Rd6 29. Nd2 Rb6 30. Rb1 Rcb8 31. d6 b2 32. Rd5 Nb7 33. c5 Rb5 34. Ne4 Na5 35. d7 Nc6 36. Rd6 Nd8 37. c6 Ne6 38. Rxe6 fxe6 39. c7 1-0


[Site "https://www.chess.com"]

[Event "Titled Tuesday Blitz October 5 2021"]
[White "Seliverstov, Vladimir"]
[Black "Iskusnyh, Sergei"]
[WhiteFideId "4192036"]
[BlackFideId "4120027"]
[WhiteElo "2489"]
[BlackElo "2492"]
[Result "1-0"]
[Round "03"]
[TimeControl "180+1"]
[Date "2021.10.05"]
[WhiteClock "0:00:24"]
[BlackClock "0:00:17"]

1. d4 d5 2. Bf4 Nf6 3. e3 c5 4. Nc3 cxd4 5. exd4 a6 6. Nf3 Bg4 7. h3 Bxf3 8. Qxf3 Nc6 9. O-O-O e6 10. g4 Bd6 11. g5 Bxf4+ 12. Qxf4 Nd7 13. h4 Qb8 14. Qg4 Qc7 15. h5 O-O-O 16. Bg2 g6 17. Rh3 Nb6 18. hxg6 hxg6 19. Rxh8 Rxh8 20. Nxd5 Nxd5 21. Bxd5 Rd8 22. Bg2 Kb8 23. c3 Ne7 24. Rh1 Nf5 25. Kb1 Qc4 26. Qe4 Rd5 27. Qf4+ Rd6 28. Be4 Qc7 29. Rh8+ Ka7 30. Qe5 Qc4 31. Qc5+ Qxc5 32. dxc5 Rd2 33. f3 Ne3 34. b4 Nd1 35. Kc1 Rd7 36. Kc2 Ne3+ 37. Kb3 Nf1 38. Rf8 Nd2+ 39. Kc2 Nf1 40. a4 Ne3+ 41. Kb3 Nd1 42. b5 axb5 43. axb5 Rd2 44. Rxf7 Rb2+ 45. Kc4 Ne3+ 46. Kd3 Nd5 47. Bxd5 exd5 48. c6 Rxb5 49. Rxb7+ Rxb7 50. cxb7 Kxb7 51. Kd4 Kc6 52. c4 dxc4 53. Kxc4 Kd6 54. Kd4 Ke6 55. Ke4 1-0


[Site "https://www.chess.com"]

[Event "Titled Tuesday Blitz October 5 2021"]
[White "Seo, Jung Min"]
[Black "Sjugirov, Sanan"]
[WhiteFideId "1734687"]
[BlackFideId "4189302"]
[WhiteElo "2486"]
[BlackElo "2654"]
[Result "1/2-1/2"]
[Round "03"]
[TimeControl "180+1"]
[Date "2021.10.05"]
[WhiteClock "0:00:10"]
[BlackClock "0:00:06"]

1. c4 e5 2. Nc3 Nf6 3. Nf3 Nc6 4. g3 Bb4 5. Bg2 O-O 6. O-O e4 7. Ng5 Bxc3 8. bxc3 Re8 9. f3 exf3 10. Nxf3 d5 11. d4 h6 12. cxd5 Nxd5 13. Bd2 Bf5 14. c4 Nb6 15. d5 Ne7 16. Rc1 Be4 17. Re1 Nf5 18. Qb3 c6 19. Ba5 Qf6 20. Bxb6 axb6 21. Qxb6 Rxa2 22. Qb3 Rb2 23. Qc3 Qxc3 24. Rxc3 cxd5 25. cxd5 Bxd5 26. Rc5 Bxf3 27. Bxf3 Nd4 28. Kf2 Nxf3 29. Kxf3 b5 30. e4 f6 31. h4 Re7 32. e5 fxe5 33. Rexe5 Rxe5 34. Rxe5 b4 35. Rb5 b3 36. Rb7 Rb1 37. Kg4 b2 38. h5 Kf8 39. Rb8+ Ke7 40. Rb7+ Kd6 41. Rb6+ Ke5 42. Rb5+ Kd4 43. Rb8 Kc3 44. Rc8+ Kd3 45. Rd8+ Ke3 46. Re8+ Kf2 47. Rf8+ Kg2 48. Rb8 Kf1 49. Rf8+ Ke2 50. Re8+ Kd3 51. Rb8 Kc4 52. Rc8+ Kd5 53. Rb8 Ke6 54. Rb6+ Ke7 55. Rb7+ Kd6 56. Rb6+ Kc5 57. Rb8 Kc4 58. Rc8+ Kd3 59. Rd8+ Kc3 60. Rc8+ Kd2 61. Rd8+ Ke3 62. Re8+ Kf2 63. Rf8+ Kg1 64. Rb8 Kg2 65. Rb7 Kh2 66. Rb8 Kg1 67. Rb7 Kf2 68. Rf7+ Ke2 69. Re7+ Kd3 70. Rb7 Kc3 71. Rc7+ Kd3 72. Rd7+ Kc3 73. Rc7+ Kd3 74. Rd7+ Kc3 75. Rc7+ 1/2-1/2


[Site "https://www.chess.com"]

[Event "Titled Tuesday Blitz October 5 2021"]
[White "Shkapenko, Pavel"]
[Black "Veiga, Emerson de Sousa"]
[WhiteFideId "4151933"]
[BlackFideId "2151898"]
[WhiteElo "2386"]
[BlackElo "2034"]
[Result "1-0"]
[Round "03"]
[TimeControl "180+1"]
[Date "2021.10.05"]
[WhiteClock "0:01:30"]
[BlackClock "0:00:30"]

1. e4 c5 2. c3 Nf6 3. e5 Nd5 4. d4 cxd4 5. cxd4 Nc6 6. Nc3 e6 7. Nf3 d6 8. Bd3 Be7 9. O-O O-O 10. Qc2 h6 11. Qe2 dxe5 12. dxe5 Nxc3 13. bxc3 f5 14. exf6 Rxf6 15. Qe4 Qd5 16. Qh7+ Kf7 17. Be4 Qa5 18. Re1 Bd7 19. Bxc6 Bxc6 20. Ne5+ Ke8 21. Qxg7 Qc5 22. Qg8+ Rf8 23. Qg6+ Kd8 24. Be3 Qa3 25. Qxe6 Kc7 26. Nxc6 bxc6 27. Bc1 1-0


[Site "https://www.chess.com"]

[Event "Titled Tuesday Blitz October 5 2021"]
[White "Solon, Nathan"]
[Black "Gubajdullin, Alexei"]
[WhiteFideId "2017229"]
[BlackFideId "4141202"]
[WhiteElo "2668"]
[BlackElo "2268"]
[Result "0-1"]
[Round "03"]
[TimeControl "180+1"]
[Date "2021.10.05"]
[WhiteClock "0:00:07"]
[BlackClock "0:00:38"]

1. d4 Nf6 2. Bg5 g6 3. Bxf6 exf6 4. e3 f5 5. g3 Bg7 6. Bg2 O-O 7. Ne2 d6 8. O-O Nd7 9. c4 c6 10. Nbc3 Nf6 11. b4 Re8 12. Rb1 Ne4 13. Qd3 Qe7 14. b5 Bd7 15. bxc6 Bxc6 16. Nf4 Rac8 17. Nfd5 Qg5 18. Bxe4 fxe4 19. Nxe4 Qd8 20. Nec3 a6 21. Rb3 b5 22. cxb5 axb5 23. Nf4 Ra8 24. Rc1 Bh6 25. Nfd5 Kh8 26. Nb4 Bf3 27. Nxb5 Qd7 28. Nc7 Rec8 29. Rbc3 Ra4 30. Ncd5 Rb8 31. a3 Qg4 32. Nf6 Qh3 33. Qf1 Qf5 34. e4 Qxf6 35. Rc8+ Rxc8 36. Rxc8+ Kg7 37. Nd5 Qxd4 38. Ne7 Qxe4 39. Rg8+ Kf6 0-1


[Site "https://www.chess.com"]

[Event "Titled Tuesday Blitz October 5 2021"]
[White "Solovchuk, Oleksiy"]
[Black "Nguyen Hong Nhung"]
[WhiteFideId "14115220"]
[BlackFideId "12412201"]
[WhiteElo "2336"]
[BlackElo "1661"]
[Result "0-1"]
[Round "03"]
[TimeControl "180+1"]
[Date "2021.10.05"]
[WhiteClock "0:01:38"]
[BlackClock "0:01:24"]

1. Nf3 f5 2. e3 Nf6 3. d4 g6 4. Be2 Bg7 5. O-O O-O 6. b3 d6 7. Bb2 Qe8 8. Nbd2 Nc6 9. c4 e5 10. d5 Nd8 11. e4 fxe4 12. Ng5 Bf5 13. g4 h6 14. gxf5 hxg5 15. fxg6 Qxg6 16. Re1 g4 17. Bf1 Nf7 18. Re3 Bh6 19. Rg3 Bf4 20. Rg2 Ng5 21. Be2 Bxd2 22. Qxd2 Nf3+ 23. Bxf3 exf3 24. Rg3 Nh5 25. Re1 Nxg3 26. hxg3 Rf5 27. Re4 Kf7 28. c5 Rh8 29. cxd6 Qh5 0-1


[Site "https://www.chess.com"]

[Event "Titled Tuesday Blitz October 5 2021"]
[White "Starozhilov, Leonid"]
[Black "Yoo, Christopher Woojin"]
[WhiteFideId "14106752"]
[BlackFideId "30909694"]
[WhiteElo "2414"]
[BlackElo "2105"]
[Result "0-1"]
[Round "03"]
[TimeControl "180+1"]
[Date "2021.10.05"]
[WhiteClock "0:00:27"]
[BlackClock "0:00:13"]

1. e4 d6 2. Nf3 Nf6 3. Nc3 g6 4. d4 Bg7 5. h3 O-O 6. Be3 a6 7. a4 b6 8. e5 Nfd7 9. exd6 cxd6 10. Be2 Bb7 11. Qd2 Nc6 12. O-O Rc8 13. Rfe1 Na5 14. Bg5 Nf6 15. Rad1 Nc4 16. Bxc4 Rxc4 17. Re3 h6 18. Bxf6 Bxf6 19. Ne4 Bg7 20. b3 Rc7 21. c3 f5 22. Neg5 hxg5 23. Nxg5 Bc8 24. Rde1 e5 25. h4 f4 26. R3e2 Bf5 27. Nf3 Bg4 28. Qd3 Bxf3 29. Qxf3 Qxh4 30. Qd5+ Rcf7 31. dxe5 Bxe5 32. Re4 Kh8 33. Kf1 Rh7 34. Ke2 Qg4+ 35. Kd2 Rh5 36. R1e2 Bxc3+ 0-1


[Site "https://www.chess.com"]

[Event "Titled Tuesday Blitz October 5 2021"]
[White "Stoyanov, Tsvetan"]
[Black "Jobava, Baadur"]
[WhiteFideId "2917173"]
[BlackFideId "13601520"]
[WhiteElo "2191"]
[BlackElo "2731"]
[Result "1-0"]
[Round "03"]
[TimeControl "180+1"]
[Date "2021.10.05"]
[WhiteClock "0:00:21"]
[BlackClock "0:00:45"]

1. e4 e5 2. Nf3 Nf6 3. Nc3 d6 4. d4 Nbd7 5. Bc4 Be7 6. O-O O-O 7. a4 c6 8. Re1 h6 9. h3 Re8 10. Be3 Qc7 11. Qd2 Nf8 12. Rad1 a5 13. Bb3 N6h7 14. d5 Nf6 15. Qe2 Ng6 16. Nd2 Bf8 17. Nc4 Ra6 18. Qd2 Nh4 19. Qe2 Bd7 20. dxc6 Rxc6 21. Nb5 Qb8 22. Nxa5 Ra6 23. Nc4 Be6 24. Nb6 Qd8 25. Bxe6 fxe6 26. Nc4 Qb8 27. Nb6 Ng6 28. Qc4 Kh7 29. Nc7 Rxb6 30. Bxb6 Rc8 31. Rd3 d5 32. Qb5 Rxc7 33. Bxc7 Qxc7 34. Rc3 Qf7 35. exd5 exd5 36. a5 e4 37. Rb3 Ne5 38. Qxb7 Qg6 39. Rg3 Qf5 40. a6 Bc5 41. Qxg7# 1-0


[Site "https://www.chess.com"]

[Event "Titled Tuesday Blitz October 5 2021"]
[White "Svane, Rasmus"]
[Black "Kubicka, Anna"]
[WhiteFideId "4657101"]
[BlackFideId "1152254"]
[WhiteElo "2643"]
[BlackElo "1903"]
[Result "1-0"]
[Round "03"]
[TimeControl "180+1"]
[Date "2021.10.05"]
[WhiteClock "0:00:55"]
[BlackClock "0:00:03"]

1. Nf3 Nf6 2. g3 g6 3. Bg2 Bg7 4. O-O O-O 5. d4 d5 6. c4 c6 7. Qb3 Qb6 8. Nc3 dxc4 9. Qxc4 Be6 10. Qa4 Nbd7 11. h3 Qd8 12. e4 Nb6 13. Qc2 Bc4 14. Rd1 a5 15. Be3 e6 16. Rac1 Ba6 17. b3 Nbd7 18. Nd2 Rc8 19. Nc4 Ne8 20. e5 b5 21. Nd2 Nb6 22. Nde4 Nd5 23. Nc5 Nec7 24. N3e4 Ra8 25. Bg5 Qc8 26. Nd6 Qb8 27. Nd7 Qa7 28. Nxf8 Rxf8 29. Qxc6 b4 30. Qd7 Nc3 31. Be7 1-0


[Site "https://www.chess.com"]

[Event "Titled Tuesday Blitz October 5 2021"]
[White "Sydoryka, Vladyslav"]
[Black "Vokhidov, Shamsiddin"]
[WhiteFideId "14145928"]
[BlackFideId "14204223"]
[WhiteElo "2282"]
[BlackElo "2616"]
[Result "1-0"]
[Round "03"]
[TimeControl "180+1"]
[Date "2021.10.05"]
[WhiteClock "0:00:04"]
[BlackClock "0:00:14"]

1. c4 e5 2. g3 c6 3. Nf3 e4 4. Nd4 d5 5. d3 exd3 6. Qxd3 dxc4 7. Qxc4 Nf6 8. Nc3 Be7 9. Bg2 Nbd7 10. Nf5 Nb6 11. Qf4 O-O 12. Nxe7+ Qxe7 13. O-O Nfd5 14. Nxd5 Nxd5 15. Qf3 Nb4 16. Bd2 Nc2 17. Rad1 Nd4 18. Qd3 Rd8 19. Bc3 Bf5 20. e4 Bg4 21. Bxd4 Bxd1 22. Qc3 Qf8 23. Bc5 Qe8 24. Bd4 Rxd4 25. Qxd4 Bg4 26. h3 Be6 27. a3 b6 28. e5 Rd8 29. Qa4 c5 30. Qxa7 Qb5 31. Qc7 Rc8 32. Qe7 Qxb2 33. Rd1 h5 34. Be4 g6 35. Bxg6 Rf8 36. Rd8 Qc1+ 37. Kh2 Rxd8 38. Qxd8+ Kg7 39. Qf6+ Kg8 40. Bxh5 Qd2 41. Bg4 Bd5 42. e6 fxe6 43. Bxe6+ Bxe6 44. Qxe6+ Kg7 45. Qe7+ Kg6 46. Qe6+ Kg7 47. Qe7+ Kg8 48. Qe6+ Kf8 49. Qf6+ Ke8 50. Qe6+ Kf8 51. Qf6+ Kg8 52. Qg6+ Kh8 53. Qf6+ Kh7 54. h4 Qd3 55. Qxb6 c4 56. Qc7+ Kg6 57. a4 c3 58. a5 c2 59. Qc6+ Kf5 60. a6 Qd2 61. Qc5+ Ke4 62. a7 c1=Q 63. Qxc1 Qxc1 64. a8=Q+ Ke5 65. Qf3 Qd2 66. Qe3+ 1-0


[Site "https://www.chess.com"]

[Event "Titled Tuesday Blitz October 5 2021"]
[White "Taboas Rodriguez, Daniel"]
[Black "Oparin, Grigoriy"]
[WhiteFideId "2208466"]
[BlackFideId "24125890"]
[WhiteElo "2429"]
[BlackElo "2604"]
[Result "0-1"]
[Round "03"]
[TimeControl "180+1"]
[Date "2021.10.05"]
[WhiteClock "0:00:27"]
[BlackClock "0:02:19"]

1. d4 d6 2. Nf3 Nf6 3. c4 g6 4. Nc3 Bg7 5. e4 a6 6. Be2 O-O 7. O-O Nc6 8. d5 Nb8 9. Be3 Bg4 10. Rc1 c6 11. h3 Bxf3 12. Bxf3 Nbd7 13. Re1 Qa5 14. a3 Rfc8 15. Bd2 Qd8 16. Be2 h5 17. Bf1 Kh7 18. Bg5 Bh6 19. Qd2 Bxg5 20. Qxg5 Kg7 21. f4 cxd5 22. cxd5 Qb6+ 23. Kh1 Qxb2 24. Qg3 h4 25. Qe3 Nh5 26. Kh2 Ng3 27. e5 Nf5 28. Qf3 dxe5 29. fxe5 Nxe5 30. Qe4 Nd7 31. Rc2 Qxa3 32. Rec1 Nf6 33. Qe5 Qd6 34. Qxd6 exd6 35. Na4 Rxc2 36. Rxc2 b5 37. Nb6 Rb8 38. Nc8 Nxd5 0-1


[Site "https://www.chess.com"]

[Event "Titled Tuesday Blitz October 5 2021"]
[White "Terry, Renato"]
[Black "Pires, Marcos Vinicius Torsani"]
[WhiteFideId "3803457"]
[BlackFideId "2118939"]
[WhiteElo "2577"]
[BlackElo "2273"]
[Result "0-1"]
[Round "03"]
[TimeControl "180+1"]
[Date "2021.10.05"]
[WhiteClock "0:00:02"]
[BlackClock "0:00:06"]

1. Nh3 c6 2. g3 d5 3. Bg2 Bf5 4. f4 e6 5. d3 Nd7 6. e4 Bxh3 7. Bxh3 dxe4 8. dxe4 Nc5 9. Qe2 Nf6 10. Nc3 Be7 11. Bg2 O-O 12. O-O a5 13. e5 Nd5 14. Ne4 Nxe4 15. Bxe4 Qb6+ 16. Kh1 Rad8 17. c3 Bc5 18. Rf2 Bxf2 19. c4 Ne7 20. g4 Qd4 21. Kg2 f5 22. exf6 Rxf6 23. Bf3 Bg1 24. g5 Rff8 25. Qe1 Ng6 26. Bg4 Nxf4+ 27. Bxf4 Qxf4 28. Bxe6+ Kh8 29. Kxg1 Qxg5+ 30. Kh1 Rd2 31. Bh3 Qf4 32. Bg2 Qf2 33. Qe4 Rxb2 34. a4 h6 35. Rg1 Re2 36. Qb1 Rfe8 37. Qb3 Re1 38. Bf1 Rxf1 0-1


[Site "https://www.chess.com"]

[Event "Titled Tuesday Blitz October 5 2021"]
[White "Tikhonov, Viacheslav"]
[Black "Acosta, Pablo Ismael"]
[WhiteFideId "44196407"]
[BlackFideId "124311"]
[WhiteElo "1773"]
[BlackElo "2318"]
[Result "0-1"]
[Round "03"]
[TimeControl "180+1"]
[Date "2021.10.05"]
[WhiteClock "0:00:14"]
[BlackClock "0:00:34"]

1. d4 Nf6 2. c4 e6 3. Nf3 Bb4+ 4. Nbd2 O-O 5. g3 b6 6. Bg2 Bb7 7. O-O Bxd2 8. Bxd2 Ne4 9. Ng5 d5 10. Nxe4 dxe4 11. Be3 Nd7 12. Qc2 f5 13. b4 Qe7 14. b5 c6 15. bxc6 Bxc6 16. a4 Rac8 17. Qd2 Bb7 18. Rfc1 Ba6 19. c5 Nf6 20. Bg5 bxc5 21. dxc5 Rxc5 22. Rxc5 Qxc5 23. Rc1 Qd5 24. Qb2 Qd7 25. Bxf6 gxf6 26. Qa2 Rc8 27. Rb1 Kg7 28. e3 Bc4 29. Qa3 Bd3 30. Rb4 Qc7 31. h4 Qc1+ 32. Qxc1 Rxc1+ 33. Kh2 Kg6 34. Rb7 a6 35. h5+ Kxh5 36. Rxh7+ Kg6 37. Re7 Rc2 38. Kg1 Rc1+ 39. Kh2 Ra1 40. Rxe6 Rxa4 41. Bh3 Ra2 42. Kg1 a5 43. Re7 Ra1+ 44. Kh2 Be2 45. Ra7 Bf3 46. Bg2 a4 47. Ra5 a3 48. Bxf3 exf3 49. Ra4 Kf7 50. Ra6 a2 51. Ra3 Ke6 52. Ra5 Kd6 53. Ra6+ Kc5 54. Ra3 Kb4 55. Ra8 Kc3 56. Ra3+ Kd2 57. Ra4 Ke2 58. e4 fxe4 59. Rxe4+ Kxf2 60. Ra4 Ke2 61. Rc4 f2 0-1


[Site "https://www.chess.com"]